 Dungeon Sprint DCSS version bcrawl-1.22 (webtiles) character file.

Game seed: 15739545425091672135

25 Chiseanne the Ducker (level 3, -4/25 HPs)
             Began as a Fairy Archaeologist on May 9, 2020.
             Slain by a crocodile (glowing shapeshifter) (5 damage)
             ... in the Dungeon (Sprint I: "Red Sonja").
             The game lasted 00:00:40 (63 turns).

Chiseanne the Ducker (Fairy Archaeologist)            Turns: 63, Time: 00:00:40

Health: -4/25      AC:  7    Str:  9    XL:     3   Next: 4%
Magic:  5/5        EV: 18    Int: 17    God:
Gold:   0          SH:  4    Dex: 11    Spells: 2/2 levels left

rFire    . . .     SeeInvis .   a - +0 dagger (chaos)
rCold    . . .     Gourm    .   (shield restricted)
rNeg     . . .     Faith    .   (armour unavailable)
rPois    .         Spirit   .   b - +1 hat
rElec    .         Reflect  .   (no cloak)
rCorr    .         Harm     .   (no gloves)
MR       .....     NoTele   +   c - +1 pair of boots
Stlth    +.........             (no amulet)
HPRegen  0.08/turn              (no ring)
MPRegen  0.09/turn              (no ring)

@: flying evasively
A: small, magic attunement, unstealthy, unfitting armour, able to fly, AC/SH +4
a: Stop Flying


You were in the Dungeon.
You were not hungry.

You visited 1 branch

Inventory:

Hand Weapons
 a - a +0 dagger of chaos (weapon)
 o - a +0 hunting sling
Missiles
 k - 229 sling bullets
Armour
 b - a +1 hat (worn)
 c - a +1 pair of boots (worn)
Wands
 m - a wand of polymorph (5)
Scrolls
 d - a scroll of magic mapping
 l - a scroll of blinking
Potions
 g - a potion of curing
 i - a potion of haste
 j - 2 potions of magic
 n - a potion of brilliance {unknown}
Miscellaneous
 f - a dusty tome
Comestibles
 e - a ration {!d}


   Skills:
 + Level 2.6 Fighting
   Level 2.3 Maces & Flails
 + Level 5.4 Dodging
 + Level 3.3 Stealth


You had 2 spell levels left.
You didn't know any spells.
Your spell library was empty.

Dungeon Overview and Level Annotations

Branches:
Dungeon (1/1)

Altars:


Innate Abilities, Weirdness & Mutations

Your spells do not cause hunger and MP costs are reduced by 1.
Your bright wings attract enemies. (Stealth-)
You cannot fit into any form of body armour.
Your shimmering scales are hard and can block incoming attacks. (AC +4, SH +4)
You are small and have problems with some larger weapons.
You can fly continuously.


Message History

The ogre is lightly wounded.
The ogre closely misses you.
You hit the ogre.
The ogre changes into a swamp drake!
You closely miss the swamp drake. The swamp drake misses you.
You hit the swamp drake. You burn the swamp drake.
The swamp drake is lightly wounded.
The swamp drake bites you!
You hit the swamp drake. You freeze the swamp drake.
The swamp drake is moderately wounded.
The swamp drake changes into an ogre!
You hit the ogre but do no damage.
The ogre is blasted with air!
The ogre changes into a crocodile!
You closely miss the crocodile. The crocodile bites you!
Ouch! That really hurt!
* * * LOW HITPOINT WARNING * * *
You barely miss the crocodile. The crocodile closely misses you.
You hit the crocodile. You burn the crocodile.
The crocodile is lightly wounded.
The crocodile bites you.
You die...

##########
#<.#.)@t.#
#..'[.#..+
#..#####+#
#..# #..#
#..# #⌠⌠#
####


You could see a crocodile shaped shifter.

Vanquished Creatures
  Ijyb (D)
1 creature vanquished.

Notes
Turn   | Place    | Note
-------+----------+-------------------------------------------
     0 | D        | Chiseanne the Fairy Archaeologist began the quest for the
                  | Orb.
     0 | D        | Reached XP level 1. HP: 12/12 MP: 3/3
     1 | D        | Noticed Ijyb
     7 | D        | Killed Ijyb
     7 | D        | Reached skill level 5 in Dodging
     7 | D        | Reached XP level 2. HP: 20/20 MP: 2/4
     7 | D        | Reached XP level 3. HP: 25/25 MP: 2/5
    49 | D        | Noticed an ogre
    56 | D        | Noticed a swamp drake
    56 | D        | an ogre changed into a swamp drake
    59 | D        | Noticed an ogre
    59 | D        | a swamp drake changed into an ogre
    60 | D        | Noticed a crocodile
    60 | D        | an ogre changed into a crocodile
    61 | D        | HP: 1/25 [crocodile (glowing shapeshifter) (16)]
    63 | D        | Slain by a crocodile (glowing shapeshifter)

Skill      XL: |  1 |
---------------+----+-----
Fighting       | 2 |  2.6
Maces & Flails | 2 |  2.3
Dodging        | 5 |  5.4
Stealth        | 3 |  3.3

Action                   || total
-------------------------++-------
Melee: Whip              ||     4
       Dagger            ||    12
  Use: Potion            ||     2
Dodge: Dodged            ||     8
